Workbook

Sheet BDI
A1: PREFEITURA MUNICIPAL DE BOA ESPERANÇA– MG SECRETARIA MUNICIPAL DE EDUCAÇÃO ENGENHARIA E PROJETOS
A2: BENEFÍCIOS E DESPESAS INDIRETAS - BDI
A3: CONSTRUÇÃO DE COBERTURA DE QUADRA ESPORTIVA, PALCO E VESTIÁRIOS NA ESCOLA MUNICIPAL ACHILLES NAVES
A6: Conforme legislação tributária municipal, definir estimativa de percentual da base de cálculo para o ISS: | I6: 0.5
A7: Sobre a base de cálculo, definir a respectiva alíquota do ISS (entre 2% e 5%): | I7: 0.05
A9: TIPO DE OBRA
A10: Construção e Reforma de Edifícios
A12: Itens | I12: Siglas | J12: % Adotado | L12: Situação | O12: 1º Quartil | P12: Médio
A14: =IF($J$22=$A$160,"Encargos Sociais incidentes sobre a mão de obra","Administração Central") -> Administração Central | I14: AC | J14: 0.03 | L14: - | O14: 0.03 | P14: 0.04
A15: =IF($J$22=$A$160,"Administração Central da empresa ou consultoria - overhead","Seguro e Garantia") -> Seguro e Garantia | I15: SG | J15: 0.01 | L15: - | O15: 0.008 | P15: 0.008
A16: =IF($J$22=$A$160,"","Risco") -> Risco | I16: R | J16: 0.01 | L16: - | O16: 0.0097 | P16: 0.0127
A17: =IF($J$22=$A$160,"","Despesas Financeiras") -> Despesas Financeiras | I17: DF | J17: 0.0136 | L17: - | O17: 0.0059 | P17: 0.0123
A18: =IF($J$22=$A$160,"Margem bruta da empresa de consultoria","Lucro") -> Lucro | I18: L | J18: 0.064 | L18: - | O18: 0.0616 | P18: 0.074
A19: Tributos (impostos COFINS 3%, e PIS 0,65%) | I19: CP | J19: 0.0365 | L19: - | O19: 0.0365 | P19: 0.0365
A20: Tributos (ISS, variável de acordo com o município) | I20: ISS | J20: 0.025 | L20: - | O20: 0 | P20: 0.025
A21: Tributos (Contribuição Previdenciária sobre a Receita Bruta - 0% ou 4,5% - Desoneração) | I21: CPRB | J21: 0.045 | L21: - | O21: 0 | P21: 0.045
A22: BDI SEM desoneração (Fórmula Acórdão TCU) | I22: BDI PAD | J22: =(ROUND((((1+J14+J15+J16)*(1+J17)*(1+J18)/(1-(J19+J20)))-1),4)) -> 0.2066 | L22: =IF(OR($J$22=$A$160,$J$22=$A$159,AND(J22>=O22,J22<=Q22)),"OK","FORA DO INTERVALO") -> FORA DO INTERVALO | O22: 0.2034 | P22: 0.2212
A23: BDI COM desoneração | I23: BDI DES | J23: =ROUND((((1+J14+J15+J16)*(1+J17)*(1+J18)/(1-(J19+J20+J21)))-1),4) -> 0.2674
A27: Os valores de BDI foram calculados com o emprego da fórmula:
D28: BDI = | E28: =IF($J10=$A$160,"(1+K1+K2)*(1+K3)","(1+AC + S + R + G)*(1 + DF)*(1+L)") -> (1+K1+K2)*(1+K3) | H28: - 1
E29: (1-CP-ISS-CRPB)
A31: Declaro para os devidos fins que, conforme legislação tributária municipal, a base de cálculo deste tipo de obra corresponde à 50%, com a respectiva alíquota de 5,0%.
A33: Declaro para os devidos fins que o regime de Contribuição Previdenciária sobre a Receita Bruta adotado para elaboração do orçamento foi COM DESONERACAO, e que esta é a alternativa mais adequada para a Administração Pública.
A35: Observações:
A38: BOA ESPERANÇA, MG | G38: =TODAY() -> 46121
A39: Local | G39: Data
A46: Responsável Técnico | F46: Prefeito Municipal
A47: Nome: | B47: JÉSSICA CAROLINE OLIVEIRA FERREIRA | F47: Nome: | G47: AROLDO ROSA DE MEDEIROS JÚNIOR
A48: CREA/CAU: | B48: CREA-MG 303607/D

Sheet Orçamento Sintético
A1: PREFEITURA MUNICIPAL DE BOA ESPERANÇA– MG SECRETARIA MUNICIPAL DE EDUCAÇÃO ENGENHARIA E PROJETOS
A2: PLANILHA ORÇAMENTÁRIA | F2: LICITAÇÃO Nº | H2: EDITAL Nº
A3: ÓRGÃO | B3: PREFEITURA MUNICIPAL DE BOA ESPERANÇA | H3: DATA DO ORÇAMENTO | I3: 46119
A4: OBJETO | B4: CONSTRUÇÃO DE COBERTURA DE QUADRA ESPORTIVA, PALCO E VESTIÁRIOS NA ESCOLA MUNICIPAL ACHILLES NAVES | H4: LOTE
A5: ENDEREÇO | B5: RUA PERNAMBUCO Nº 352, BAIRRO MARINGÁ, BOA ESPERANÇA-MG
A6: MODALIDADE | B6: CONCORRÊNCIA | C6: REGIME DE EXECUÇÃO | D6: 1 – Empreitada por Preço Global | F6: CIDADE | G6: BOA ESPERANÇA | H6: UF | I6: MG
A7: DATA BASE DO ORÇAMENTO (mês/ano) | B7: SINAPI - 02/2026 SBC - 03/2026 ORSE - 01/2026 SEINFRA - 028 SETOP SUL - 01/2026 SUDECAP - 10/2025 CPOS - 01/2026 AGESUL - 01/2026 AGETOP CIVIL - 12/2025 | C7: DESONERAÇÃO | D7: ENCARGOS SOCIAIS - HORISTAS (%) | F7: BDI 1 | G7: 0.2674 | H7: BDI 2
C8: Sim | D8: ENCARGOS SOCIAIS - MENSALISTAS (%)
H10: Valor Final do Orçamento | J10: =I13 + I22 + I128 + I358 -> 1881017.5
H11: BDI | J11: 0.2674
A12: Item | B12: Código | C12: Banco | D12: Descrição | E12: Und | F12: Quant. | G12: Valor Unit | H12: Valor Unit com BDI | I12: Total | J12: Peso (%)
A13: 1 | D13: SERVIÇOS PRELIMINARES | F13: 1 | H13: =I14 + I15 + I16 + I17 + I18 + I19 + I20 + I21 -> 18231.05 | I13: =ROUND(F13 * H13,2) -> 18231.05 | J13: =I13 / J10 -> 0.0096921217
A14: 1.1 | B14: ED-16670 | C14: SETOP | D14: PLACA DE OBRA EM CHAPA GALVANIZADA ENRIJECIDA, PLOTADA COM ADESIVO VINÍLICO, FIXADA COM REBITES 4,8X40MM, EM ESTRUTURA METÁLICA DE METALON 20X20MM, ESP. 1,25MM, EXCLUSIVE SUPORTE EM EUCALIPTO PADRÃO GOVERNO DE MINAS GERAIS (FORNECIMENTO/FABRICAÇÃO) | E14: m² | F14: 4.5 | G14: 232.99 | H14: =ROUND(ROUND(G14 * J11, 2) + G14, 2) -> 295.29 | I14: =ROUND(F14 * H14,2) -> 1328.81 | J14: =I14 / J10 -> 0.00070643151
A15: 1.2 | B15: C1630 | C15: SEINFRA | D15: LOCAÇÃO DA OBRA - EXECUÇÃO DE GABARITO | E15: m² | F15: 268.67 | G15: 7.14 | H15: =ROUND(ROUND(G15 * J11, 2) + G15, 2) -> 9.05 | I15: =ROUND(F15 * H15,2) -> 2431.46 | J15: =I15 / J10 -> 0.0012926302
A16: 1.3 | B16: 98525 | C16: SINAPI | D16: LIMPEZA MECANIZADA DE CAMADA VEGETAL, VEGETAÇÃO E PEQUENAS ÁRVORES (DIÂMETRO DE TRONCO MENOR QUE 0,20 M), COM TRATOR DE ESTEIRAS. AF_03/2024 | E16: m² | F16: 552.37 | G16: 0.73 | H16: =ROUND(ROUND(G16 * J11, 2) + G16, 2) -> 0.93 | I16: =ROUND(F16 * H16,2) -> 513.7 | J16: =I16 / J10 -> 0.00027309688
A17: 1.4 | B17: ED-16350 | C17: SETOP | D17: LOCAÇÃO DE CONTAINER COM ISOLAMENTO TÉRMICO, TIPO 3, PARA DEPÓSITO/FERRAMENTARIA DE OBRA, COM MEDIDAS REFERENCIAIS DE (6) METROS COMPRIMENTO, (2,3) METROS LARGURA E (2,5) METROS ALTURA ÚTIL INTERNA, INCLUSIVE LIGAÇÕES ELÉTRICAS INTERNAS, EXCLUSIVE MOBILIZAÇÃO/DESMOBILIZAÇÃO E LIGAÇÕES PROVISÓRIAS EXTERNAS | E17: mês | F17: 8 | G17: 858.58 | H17: =ROUND(ROUND(G17 * J11, 2) + G17, 2) -> 1088.16 | I17: =ROUND(F17 * H17,2) -> 8705.28 | J17: =I17 / J10 -> 0.0046279634
A18: 1.5 | B18: ED-51125 | C18: SETOP | D18: TRANSPORTE DE MATERIAL DEMOLIDO EM CAÇAMBA, EXCLUSIVE CARGA MANUAL OU MECÂNICA | E18: m³ | F18: 10 | G18: 60 | H18: =ROUND(ROUND(G18 * J11, 2) + G18, 2) -> 76.04 | I18: =ROUND(F18 * H18,2) -> 760.4 | J18: =I18 / J10 -> 0.00040424931
A19: 1.6 | B19: ED-51131 | C19: SETOP | D19: CARGA MANUAL DE MATERIAL DE QUALQUER NATUREZA SOBRE CAMINHÃO, EXCLUSIVE TRANSPORTE | E19: m³ | F19: 10 | G19: 47.18 | H19: =ROUND(ROUND(G19 * J11, 2) + G19, 2) -> 59.8 | I19: =ROUND(F19 * H19,2) -> 598 | J19: =I19 / J10 -> 0.00031791305
A20: 1.7 | B20: ED-9076 | C20: SETOP | D20: FORNECIMENTO DE ANDAIME METÁLICO TUBULAR TIPO TORRE (LOCAÇÃO), INCLUSIVE RODÍZIOS, EXCLUSIVE MONTAGEM E DESMONTAGEM | E20: mxmês | F20: 70 | G20: 21.13 | H20: =ROUND(ROUND(G20 * J11, 2) + G20, 2) -> 26.78 | I20: =ROUND(F20 * H20,2) -> 1874.6 | J20: =I20 / J10 -> 0.00099658831
A21: 1.8 | B21: ED-9077 | C21: SETOP | D21: MONTAGEM E DESMONTAGEM DE ANDAIME METÁLICO TUBULAR TIPO TORRE, EXCLUSIVE FORNECIMENTO DO ANDAIME | E21: m | F21: 140 | G21: 11.38 | H21: =ROUND(ROUND(G21 * J11, 2) + G21, 2) -> 14.42 | I21: =ROUND(F21 * H21,2) -> 2018.8 | J21: =I21 / J10 -> 0.0010732489
A22: 2 | D22: QUADRA COBERTA | F22: 1 | H22: =I23 + I27 + I38 + I53 + I59 + I67 + I74 + I77 + I86 + I97 + I117 + I124 -> 1046618.7 | I22: =ROUND(F22 * H22,2) -> 1046618.7 | J22: =I22 / J10 -> 0.55641094
A23: 2.1 | D23: MOVIMENTO DE TERRA PARA FUNDAÇÕES | F23: 1 | H23: =I24 + I25 + I26 -> 3206.28 | I23: =ROUND(F23 * H23,2) -> 3206.28 | J23: =I23 / J10 -> 0.0017045456
A24: 2.1.1 | B24: 96525 | C24: SINAPI | D24: ESCAVAÇÃO MECANIZADA PARA VIGA BALDRAME OU SAPATA CORRIDA COM MINI-ESCAVADEIRA (INCLUINDO ESCAVAÇÃO PARA COLOCAÇÃO DE FÔRMAS). AF_01/2024 | E24: m³ | F24: 33.13 | G24: 57.93 | H24: =ROUND(ROUND(G24 * J11, 2) + G24, 2) -> 73.42 | I24: =ROUND(F24 * H24,2) -> 2432.4 | J24: =I24 / J10 -> 0.0012931299
A25: 2.1.2 | B25: ED-51094 | C25: SETOP | D25: APILOAMENTO MECANIZADO EM FUNDO DE VALA COM PLACA VIBRATÓRIA, EXCLUSIVE ESCAVAÇÃO | E25: m² | F25: 22.08 | G25: 15.19 | H25: =ROUND(ROUND(G25 * J11, 2) + G25, 2) -> 19.25 | I25: =ROUND(F25 * H25,2) -> 425.04 | J25: =I25 / J10 -> 0.00022596282
A26: 2.1.3 | B26: 93381 | C26: SINAPI | D26: REATERRO MECANIZADO DE VALA COM RETROESCAVADEIRA (CAPACIDADE DA CAÇAMBA DA RETRO: 0,26 M³/POTÊNCIA: 88 HP), LARGURA 0,8 A 1,5 M, PROFUNDIDADE 1,5 A 3,0 M, COM SOLO (SEM SUBSTITUIÇÃO) DE 1ª CATEGORIA E COMPACTADOR DE SOLOS DE PERCUSSÃO. AF_08/2023 | E26: m³ | F26: 19.22 | G26: 14.32 | H26: =ROUND(ROUND(G26 * J11, 2) + G26, 2) -> 18.15 | I26: =ROUND(F26 * H26,2) -> 348.84 | J26: =I26 / J10 -> 0.00018545283
A27: 2.2 | D27: FUNDAÇÕES | F27: 1 | H27: =I28 -> 47261.02 | I27: =ROUND(F27 * H27,2) -> 47261.02 | J27: =I27 / J10 -> 0.025125243
A28: 2.2.1 | D28: CONCRETO ARMADO PARA FUNDAÇÕES - BLOCOS | F28: 1 | H28: =I29 + I30 + I31 + I32 + I33 + I34 + I35 + I36 + I37 -> 47261.02 | I28: =ROUND(F28 * H28,2) -> 47261.02 | J28: =I28 / J10 -> 0.025125243
A29: 2.2.1.1 | B29: 100896 | C29: SINAPI | D29: ESTACA ESCAVADA MECANICAMENTE, SEM FLUIDO ESTABILIZANTE, COM 25CM DE DIÂMETRO, CONCRETO LANÇADO POR CAMINHÃO BETONEIRA (EXCLUSIVE MOBILIZAÇÃO E DESMOBILIZAÇÃO). AF_01/2020 | E29: M | F29: 220 | G29: 63.68 | H29: =ROUND(ROUND(G29 * J11, 2) + G29, 2) -> 80.71 | I29: =ROUND(F29 * H29,2) -> 17756.2 | J29: =I29 / J10 -> 0.0094396785
A30: 2.2.1.2 | B30: 96619 | C30: SINAPI | D30: LASTRO DE CONCRETO MAGRO, APLICADO EM BLOCOS DE COROAMENTO OU SAPATAS, ESPESSURA DE 5 CM. AF_01/2024 | E30: m² | F30: 22.08 | G30: 46.56 | H30: =ROUND(ROUND(G30 * J11, 2) + G30, 2) -> 59.01 | I30: =ROUND(F30 * H30,2) -> 1302.94 | J30: =I30 / J10 -> 0.00069267832
A31: 2.2.1.3 | B31: ED-49811 | C31: SETOP | D31: FÔRMA E DESFORMA PARA VIGA CINTA/BLOCO COM COMPENSADO RESINADO, ESP. 12MM, REAPROVEITAMENTO (3X) (FUNDAÇÃO) | E31: m² | F31: 63 | G31: 73.32 | H31: =ROUND(ROUND(G31 * J11, 2) + G31, 2) -> 92.93 | I31: =ROUND(F31 * H31,2) -> 5854.59 | J31: =I31 / J10 -> 0.0031124592
A32: 2.2.1.4 | B32: ED-29549 | C32: SETOP | D32: CORTE, DOBRA E MONTAGEM DE AÇO CA 50, DIÂMETRO 6,3MM, INCLUSIVE ESPAÇADOR | E32: Kg | F32: 38.42 | G32: 13.67 | H32: =ROUND(ROUND(G32 * J11, 2) + G32, 2) -> 17.33 | I32: =ROUND(F32 * H32,2) -> 665.82 | J32: =I32 / J10 -> 0.00035396801
A33: 2.2.1.5 | B33: ED-29550 | C33: SETOP | D33: CORTE, DOBRA E MONTAGEM DE AÇO CA 50, DIÂMETRO 8MM, INCLUSIVE ESPAÇADOR | E33: Kg | F33: 61.94 | G33: 14.02 | H33: =ROUND(ROUND(G33 * J11, 2) + G33, 2) -> 17.77 | I33: =ROUND(F33 * H33,2) -> 1100.67 | J33: =I33 / J10 -> 0.00058514609
A34: 2.2.1.6 | B34: ED-29551 | C34: SETOP | D34: CORTE, DOBRA E MONTAGEM DE AÇO CA 50, DIÂMETRO 10MM, INCLUSIVE ESPAÇADOR | E34: Kg | F34: 338.1 | G34: 13.6 | H34: =ROUND(ROUND(G34 * J11, 2) + G34, 2) -> 17.24 | I34: =ROUND(F34 * H34,2) -> 5828.84 | J34: =I34 / J10 -> 0.0030987698
A35: 2.2.1.7 | B35: ED-29552 | C35: SETOP | D35: CORTE, DOBRA E MONTAGEM DE AÇO CA 50, DIÂMETRO 12,5MM, INCLUSIVE ESPAÇADOR | E35: Kg | F35: 94.86 | G35: 13.07 | H35: =ROUND(ROUND(G35 * J11, 2) + G35, 2) -> 16.56 | I35: =ROUND(F35 * H35,2) -> 1570.88 | J35: =I35 / J10 -> 0.0008351225
A36: 2.2.1.8 | B36: ED-48297 | C36: SETOP | D36: CORTE, DOBRA E MONTAGEM DE AÇO CA 60, DIÂMETRO (4,2MM A 5,0MM), INCLUSIVE ESPAÇADOR | E36: Kg | F36: 28.33 | G36: 14.36 | H36: =ROUND(ROUND(G36 * J11, 2) + G36, 2) -> 18.2 | I36: =ROUND(F36 * H36,2) -> 515.61 | J36: =I36 / J10 -> 0.00027411229
A37: 2.2.1.9 | B37: ED-49639 | C37: SETOP | D37: FORNECIMENTO DE CONCRETO ESTRUTURAL, USINADO BOMBEADO, COM FCK 30MPA, INCLUSIVE LANÇAMENTO, ADENSAMENTO E ACABAMENTO | E37: m³ | F37: 13.91 | G37: 718.42 | H37: =ROUND(ROUND(G37 * J11, 2) + G37, 2) -> 910.53 | I37: =ROUND(F37 * H37,2) -> 12665.47 | J37: =I37 / J10 -> 0.0067333081
A38: 2.3 | D38: SUPERESTRUTURA | F38: 1 | H38: =I39 + I46 + I51 -> 524138.36 | I38: =ROUND(F38 * H38,2) -> 524138.36 | J38: =I38 / J10 -> 0.2786462
A39: 2.3.1 | D39: CONCRETO ARMADO - PILARES | F39: 1 | H39: =I40 + I41 + I42 + I43 + I44 + I45 -> 41089.21 | I39: =ROUND(F39 * H39,2) -> 41089.21 | J39: =I39 / J10 -> 0.021844141
A40: 2.3.1.1 | B40: ED-49647 | C40: SETOP | D40: FÔRMA E DESFORMA DE COMPENSADO PLASTIFICADO, ESP. 12MM, REAPROVEITAMENTO (5X), EXCLUSIVE ESCORAMENTO | E40: m² | F40: 138.13 | G40: 58.06 | H40: =ROUND(ROUND(G40 * J11, 2) + G40, 2) -> 73.59 | I40: =ROUND(F40 * H40,2) -> 10164.99 | J40: =I40 / J10 -> 0.005403985
A41: 2.3.1.2 | B41: ED-29549 | C41: SETOP | D41: CORTE, DOBRA E MONTAGEM DE AÇO CA 50, DIÂMETRO 6,3MM, INCLUSIVE ESPAÇADOR | E41: Kg | F41: 198.89 | G41: 13.67 | H41: =ROUND(ROUND(G41 * J11, 2) + G41, 2) -> 17.33 | I41: =ROUND(F41 * H41,2) -> 3446.76 | J41: =I41 / J10 -> 0.0018323913
A42: 2.3.1.3 | B42: ED-29551 | C42: SETOP | D42: CORTE, DOBRA E MONTAGEM DE AÇO CA 50, DIÂMETRO 10MM, INCLUSIVE ESPAÇADOR | E42: Kg | F42: 142.16 | G42: 13.6 | H42: =ROUND(ROUND(G42 * J11, 2) + G42, 2) -> 17.24 | I42: =ROUND(F42 * H42,2) -> 2450.84 | J42: =I42 / J10 -> 0.0013029332
A43: 2.3.1.4 | B43: ED-29552 | C43: SETOP | D43: CORTE, DOBRA E MONTAGEM DE AÇO CA 50, DIÂMETRO 12,5MM, INCLUSIVE ESPAÇADOR | E43: Kg | F43: 819.32 | G43: 13.07 | H43: =ROUND(ROUND(G43 * J11, 2) + G43, 2) -> 16.56 | I43: =ROUND(F43 * H43,2) -> 13567.94 | J43: =I43 / J10 -> 0.0072130857
A44: 2.3.1.5 | B44: ED-48297 | C44: SETOP | D44: CORTE, DOBRA E MONTAGEM DE AÇO CA 60, DIÂMETRO (4,2MM A 5,0MM), INCLUSIVE ESPAÇADOR | E44: Kg | F44: 98.88 | G44: 14.36 | H44: =ROUND(ROUND(G44 * J11, 2) + G44, 2) -> 18.2 | I44: =ROUND(F44 * H44,2) -> 1799.62 | J44: =I44 / J10 -> 0.0009567269
A45: 2.3.1.6 | B45: ED-49638 | C45: SETOP | D45: FORNECIMENTO DE CONCRETO ESTRUTURAL, USINADO BOMBEADO, COM FCK 25MPA, INCLUSIVE LANÇAMENTO, ADENSAMENTO E ACABAMENTO | E45: m³ | F45: 10.91 | G45: 698.55 | H45: =ROUND(ROUND(G45 * J11, 2) + G45, 2) -> 885.34 | I45: =ROUND(F45 * H45,2) -> 9659.06 | J45: =I45 / J10 -> 0.0051350188
A46: 2.3.2 | D46: CONCRETO ARMADO - VIGAS | F46: 1 | H46: =I47 + I48 + I49 + I50 -> 6722.2 | I46: =ROUND(F46 * H46,2) -> 6722.2 | J46: =I46 / J10 -> 0.0035737042
A47: 2.3.2.1 | B47: ED-49647 | C47: SETOP | D47: FÔRMA E DESFORMA DE COMPENSADO PLASTIFICADO, ESP. 12MM, REAPROVEITAMENTO (5X), EXCLUSIVE ESCORAMENTO | E47: m² | F47: 37.64 | G47: 58.06 | H47: =ROUND(ROUND(G47 * J11, 2) + G47, 2) -> 73.59 | I47: =ROUND(F47 * H47,2) -> 2769.93 | J47: =I47 / J10 -> 0.0014725701
A48: 2.3.2.2 | B48: ED-29550 | C48: SETOP | D48: CORTE, DOBRA E MONTAGEM DE AÇO CA 50, DIÂMETRO 8MM, INCLUSIVE ESPAÇADOR | E48: Kg | F48: 61.49 | G48: 14.02 | H48: =ROUND(ROUND(G48 * J11, 2) + G48, 2) -> 17.77 | I48: =ROUND(F48 * H48,2) -> 1092.68 | J48: =I48 / J10 -> 0.00058089839
A49: 2.3.2.3 | B49: ED-48297 | C49: SETOP | D49: CORTE, DOBRA E MONTAGEM DE AÇO CA 60, DIÂMETRO (4,2MM A 5,0MM), INCLUSIVE ESPAÇADOR | E49: Kg | F49: 34.26 | G49: 14.36 | H49: =ROUND(ROUND(G49 * J11, 2) + G49, 2) -> 18.2 | I49: =ROUND(F49 * H49,2) -> 623.53 | J49: =I49 / J10 -> 0.00033148549
A50: 2.3.2.4 | B50: ED-9052 | C50: SETOP | D50: FORNECIMENTO DE CONCRETO ESTRUTURAL, USINADO BOMBEADO, AUTO ADENSÁVEL, COM FCK 20MPA, INCLUSIVE LANÇAMENTO E ACABAMENTO | E50: m³ | F50: 2.39 | G50: 738.2 | H50: =ROUND(ROUND(G50 * J11, 2) + G50, 2) -> 935.59 | I50: =ROUND(F50 * H50,2) -> 2236.06 | J50: =I50 / J10 -> 0.0011887503
A51: 2.3.3 | D51: ESTRUTURA METÁLICA | F51: 1 | H51: =I52 -> 476326.95 | I51: =ROUND(F51 * H51,2) -> 476326.95 | J51: =I51 / J10 -> 0.25322835
A52: 2.3.3.1 | B52: 150204 | C52: AGETOP CIVIL | D52: ESTRUTURA METÁLICA CONVENCIONAL EM AÇO DO TIPO ASTM A36 COM FUNDO ANTICORROSIVO | E52: Kg | F52: 19971.78 | G52: 18.82 | H52: =ROUND(ROUND(G52 * J11, 2) + G52, 2) -> 23.85 | I52: =ROUND(F52 * H52,2) -> 476326.95 | J52: =I52 / J10 -> 0.25322835
A53: 2.4 | D53: SISTEMAS DE COBERTURA | F53: 1 | H53: =I54 + I55 + I56 + I57 + I58 -> 98144.44 | I53: =ROUND(F53 * H53,2) -> 98144.44 | J53: =I53 / J10 -> 0.052176252
A54: 2.4.1 | B54: 94213 | C54: SINAPI | D54: TELHAMENTO COM TELHA DE AÇO/ALUMÍNIO E = 0,5 MM, COM ATÉ 2 ÁGUAS, INCLUSO IÇAMENTO. AF_07/2019 | E54: m² | F54: 58.81 | G54: 55.87 | H54: =ROUND(ROUND(G54 * J11, 2) + G54, 2) -> 70.81 | I54: =ROUND(F54 * H54,2) -> 4164.34 | J54: =I54 / J10 -> 0.0022138763
A55: 2.4.2 | B55: 94213 | C55: SINAPI | D55: TELHAMENTO COM TELHA DE AÇO/ALUMÍNIO E = 0,5 MM, COM ATÉ 2 ÁGUAS, INCLUSO IÇAMENTO. AF_07/2019 | E55: m² | F55: 615.88 | G55: 55.87 | H55: =ROUND(ROUND(G55 * J11, 2) + G55, 2) -> 70.81 | I55: =ROUND(F55 * H55,2) -> 43610.46 | J55: =I55 / J10 -> 0.023184506
A56: 2.4.3 | B56: 94213 | C56: SINAPI | D56: TELHAMENTO COM TELHA DE AÇO/ALUMÍNIO E = 0,5 MM, COM ATÉ 2 ÁGUAS, INCLUSO IÇAMENTO. AF_07/2019 | E56: m² | F56: 508.05 | G56: 55.87 | H56: =ROUND(ROUND(G56 * J11, 2) + G56, 2) -> 70.81 | I56: =ROUND(F56 * H56,2) -> 35975.02 | J56: =I56 / J10 -> 0.019125298
A57: 2.4.4 | B57: 94213 | C57: SINAPI | D57: TELHAMENTO COM TELHA DE AÇO/ALUMÍNIO E = 0,5 MM, COM ATÉ 2 ÁGUAS, INCLUSO IÇAMENTO. AF_07/2019 | E57: m² | F57: 169.35 | G57: 55.87 | H57: =ROUND(ROUND(G57 * J11, 2) + G57, 2) -> 70.81 | I57: =ROUND(F57 * H57,2) -> 11991.67 | J57: =I57 / J10 -> 0.0063750977
A58: 2.4.5 | B58: C0993 | C58: SEINFRA | D58: CUMEEIRA DE ALUMÍNIO E=0.8mm | E58: M | F58: 32.6 | G58: 58.16 | H58: =ROUND(ROUND(G58 * J11, 2) + G58, 2) -> 73.71 | I58: =ROUND(F58 * H58,2) -> 2402.95 | J58: =I58 / J10 -> 0.0012774735
A59: 2.5 | D59: PISOS | F59: 1 | H59: =I60 + I61 + I62 + I63 + I64 + I65 + I66 -> 34553.56 | I59: =ROUND(F59 * H59,2) -> 34553.56 | J59: =I59 / J10 -> 0.018369612
A60: 2.5.1 | B60: RO-00229 | C60: SETOP | D60: Compactação manual com placa vibratória | E60: m³ | F60: 16.38 | G60: 2.12 | H60: =ROUND(ROUND(G60 * J11, 2) + G60, 2) -> 2.69 | I60: =ROUND(F60 * H60,2) -> 44.06 | J60: =I60 / J10 -> 2.3423493e-05
A61: 2.5.2 | B61: ED-49813 | C61: SETOP | D61: LASTRO DE BRITA COM PEDRA BRITADA NÚMERO 2 E 3, INCLUSIVE ADENSAMENTO E APILOAMENTO MANUAL | E61: m³ | F61: 8.19 | G61: 213.13 | H61: =ROUND(ROUND(G61 * J11, 2) + G61, 2) -> 270.12 | I61: =ROUND(F61 * H61,2) -> 2212.28 | J61: =I61 / J10 -> 0.0011761082
A62: 2.5.3 | B62: ED-50600 | C62: SETOP | D62: APLICAÇÃO DE LONA PRETA, ESP. 150 MICRAS, INCLUSIVE FORNECIMENTO | E62: m² | F62: 163.76 | G62: 3.83 | H62: =ROUND(ROUND(G62 * J11, 2) + G62, 2) -> 4.85 | I62: =ROUND(F62 * H62,2) -> 794.24 | J62: =I62 / J10 -> 0.00042223957
A63: 2.5.4 | B63: ED-29581 | C63: SETOP | D63: ARMADURA DE TELA DE AÇO CA 60, SOLDADA TIPO Q 92, DIÂMETRO Ø4,2MM, TRAMA COM DIMENSÃO (150X150)MM, INCLUSIVE ESPAÇADOR, EXCLUSIVE CONCRETO | E63: m² | F63: 163.76 | G63: 19.69 | H63: =ROUND(ROUND(G63 * J11, 2) + G63, 2) -> 24.96 | I63: =ROUND(F63 * H63,2) -> 4087.45 | J63: =I63 / J10 -> 0.0021729995
A64: 2.5.5 | B64: ED-49805 | C64: SETOP | D64: FORNECIMENTO DE CONCRETO ESTRUTURAL, USINADO BOMBEADO, COM FCK 25MPA, INCLUSIVE LANÇAMENTO, ADENSAMENTO E ACABAMENTO | E64: m³ | F64: 13.1 | G64: 682.16 | H64: =ROUND(ROUND(G64 * J11, 2) + G64, 2) -> 864.57 | I64: =ROUND(F64 * H64,2) -> 11325.87 | J64: =I64 / J10 -> 0.0060211403
A65: 2.5.6 | B65: ED-50619 | C65: SETOP | D65: POLIMENTO MECANIZADO DE SUPERFÍCIE EM CONCRETO, INCLUSIVE ACABAMENTO DE CONCRETAGEM EM NIVELAMENTO A LASER (NÍVEL ZERO) | E65: m² | F65: 748.76 | G65: 15.49 | H65: =ROUND(ROUND(G65 * J11, 2) + G65, 2) -> 19.63 | I65: =ROUND(F65 * H65,2) -> 14698.16 | J65: =I65 / J10 -> 0.0078139413
A66: 2.5.7 | B66: 12800 | C66: ORSE | D66: Junta serrada seca, seção transversal dim. 5 x 10 a 40mm. | E66: m | F66: 110 | G66: 9.98 | H66: =ROUND(ROUND(G66 * J11, 2) + G66, 2) -> 12.65 | I66: =ROUND(F66 * H66,2) -> 1391.5 | J66: =I66 / J10 -> 0.00073975922
A67: 2.6 | D67: ARQUIBANCADA | F67: 1 | H67: =I68 + I69 + I70 + I71 + I72 + I73 -> 75181.54 | I67: =ROUND(F67 * H67,2) -> 75181.54 | J67: =I67 / J10 -> 0.03996855
A68: 2.6.1 | B68: ED-51107 | C68: SETOP | D68: ESCAVAÇÃO MANUAL DE VALA COM PROFUNDIDADE MENOR OU IGUAL A 1,5M, INCLUSIVE DESCARGA LATERAL | E68: m³ | F68: 16.25 | G68: 80.46 | H68: =ROUND(ROUND(G68 * J11, 2) + G68, 2) -> 101.98 | I68: =ROUND(F68 * H68,2) -> 1657.18 | J68: =I68 / J10 -> 0.00088100193
A69: 2.6.2 | B69: ED-48295 | C69: SETOP | D69: CORTE, DOBRA E MONTAGEM DE AÇO CA 50, DIÂMETRO (6,3MM A 12,5MM), INCLUSIVE ESPAÇADOR | E69: Kg | F69: 414.66 | G69: 13.6 | H69: =ROUND(ROUND(G69 * J11, 2) + G69, 2) -> 17.24 | I69: =ROUND(F69 * H69,2) -> 7148.74 | J69: =I69 / J10 -> 0.0038004645
A70: 2.6.3 | B70: ED-49805 | C70: SETOP | D70: FORNECIMENTO DE CONCRETO ESTRUTURAL, USINADO BOMBEADO, COM FCK 25MPA, INCLUSIVE LANÇAMENTO, ADENSAMENTO E ACABAMENTO (FUNDAÇÃO) | E70: m³ | F70: 25.05 | G70: 682.16 | H70: =ROUND(ROUND(G70 * J11, 2) + G70, 2) -> 864.57 | I70: =ROUND(F70 * H70,2) -> 21657.48 | J70: =I70 / J10 -> 0.011513705
A71: 2.6.4 | B71: 050502 | C71: IOPES | D71: Alvenaria de blocos de concreto estrutural 19x19x39cm cheios "Classe B", com resistência mínima à compressão 15MPa, assentados c/ argamassa de cimento e areia média no traço 1:4, preparo com betoneira, esp. juntas 10mm e esp. da parede s/ revestimento 19cm | E71: m² | F71: 126.99 | G71: 194.04 | H71: =ROUND(ROUND(G71 * J11, 2) + G71, 2) -> 245.93 | I71: =ROUND(F71 * H71,2) -> 31230.65 | J71: =I71 / J10 -> 0.016603062
A72: 2.6.5 | B72: ED-50174 | C72: SETOP | D72: IMPERMEABILIZAÇÃO COM EMULSÃO ASFÁLTICA, DUAS (2) DEMÃOS | E72: m² | F72: 165.93 | G72: 33.71 | H72: =ROUND(ROUND(G72 * J11, 2) + G72, 2) -> 42.72 | I72: =ROUND(F72 * H72,2) -> 7088.53 | J72: =I72 / J10 -> 0.0037684552
A73: 2.6.6 | B73: 94319 | C73: SINAPI | D73: ATERRO MANUAL DE VALAS COM SOLO ARGILO-ARENOSO. AF_08/2023 | E73: m³ | F73: 60.74 | G73: 83.12 | H73: =ROUND(ROUND(G73 * J11, 2) + G73, 2) -> 105.35 | I73: =ROUND(F73 * H73,2) -> 6398.96 | J73: =I73 / J10 -> 0.0034018611
A74: 2.7 | D74: REVESTIMENTOS INTERNOS E EXTERNOS | F74: 1 | H74: =I75 + I76 -> 16127.04 | I74: =ROUND(F74 * H74,2) -> 16127.04 | J74: =I74 / J10 -> 0.0085735728
A75: 2.7.1 | B75: 87543 | C75: SINAPI | D75: MASSA ÚNICA, EM ARGAMASSA INDUSTRIALIZADA, PREPARO MECÂNICO, APLICADA COM EQUIPAMENTO DE MISTURA E PROJEÇÃO DE ARGAMASSA EM PAREDES INTERNAS, E = 5MM, SEM TALISCAS. AF_03/2024 | E75: m² | F75: 245.62 | G75: 23.49 | H75: =ROUND(ROUND(G75 * J11, 2) + G75, 2) -> 29.77 | I75: =ROUND(F75 * H75,2) -> 7312.11 | J75: =I75 / J10 -> 0.0038873164
A76: 2.7.2 | B76: 12816 | C76: ORSE | D76: Placa cimentícia e =10mm, para fechamento da fachada (1 lado/face), juntas aparentes, fixada em estrutura metalica, exclusive esta (fornecimento e assentamento) | E76: m² | F76: 69.86 | G76: 99.56 | H76: =ROUND(ROUND(G76 * J11, 2) + G76, 2) -> 126.18 | I76: =ROUND(F76 * H76,2) -> 8814.93 | J76: =I76 / J10 -> 0.0046862564
A77: 2.8 | D77: GUARDA-CORPO, CORRIMÃO E ALAMBRADO | F77: 1 | H77: =I78 + I79 + I80 + I81 + I82 + I83 + I84 + I85 -> 94463.19 | I77: =ROUND(F77 * H77,2) -> 94463.19 | J77: =I77 / J10 -> 0.050219199
A78: 2.8.1 | B78: 180341 | C78: AGETOP CIVIL | D78: GUARDA CORPO EM TUBO INDUSTRIAL DE 2" COM MONTANTES SECUNDÁRIOS DE 1" (SEM CORRIMÃO) | E78: m² | F78: 81.71 | G78: 283.64 | H78: =ROUND(ROUND(G78 * J11, 2) + G78, 2) -> 359.49 | I78: =ROUND(F78 * H78,2) -> 29373.93 | J78: =I78 / J10 -> 0.01561598
A79: 2.8.2 | B79: ED-32004 | C79: SETOP | D79: CORRIMÃO DUPLO EM TUBO GALVANIZADO, COM COSTURA, CLASSE LEVE (NBR 5580), DIÂMETRO 1.1/2", ESP. 3MM, COM MONTANTE VERTICAL, DIÂMETRO 1.1/2", INCLUSIVE SUPORTE PARA CORRIMÃO EM BARRA CHATA (1"X1/2"), EXCLUSIVE PINTURA (FORNECIMENTO/FABRICAÇÃO) | E79: m | F79: 8.4 | G79: 245.66 | H79: =ROUND(ROUND(G79 * J11, 2) + G79, 2) -> 311.35 | I79: =ROUND(F79 * H79,2) -> 2615.34 | J79: =I79 / J10 -> 0.0013903858
A80: 2.8.3 | B80: 13609 | C80: ORSE | D80: Corrimão duplo em tubo de ferro galvanizado 1 1/2", com chumbadores para fixação em alvenaria | E80: m | F80: 28.2 | G80: 188.19 | H80: =ROUND(ROUND(G80 * J11, 2) + G80, 2) -> 238.51 | I80: =ROUND(F80 * H80,2) -> 6725.98 | J80: =I80 / J10 -> 0.0035757138
A81: 2.8.4 | B81: ED-9100 | C81: SETOP | D81: ALAMBRADO PARA QUADRA ESPORTIVA, EM TELA DE ARAME GALVANIZADO COM TRAMA LOSANGULAR DE 2" (50,8MM) E FIO BWG12 (2,77MM), EXCLUSIVE PINTURA, INCLUSIVE FIXAÇÃO E FORNECIMENTO EM QUADROS DE TUBOS DE AÇO CARBONO GALVANIZADO DIÂMETRO DE 50MM (2") | E81: m² | F81: 233.5 | G81: 133.86 | H81: =ROUND(ROUND(G81 * J11, 2) + G81, 2) -> 169.65 | I81: =ROUND(F81 * H81,2) -> 39613.28 | J81: =I81 / J10 -> 0.021059496
A82: 2.8.5 | B82: ED-49698 | C82: SETOP | D82: DOBRADIÇA DE FERRO, MEDIDAS (3.1/2"X3"), TIPO PINO SOLTO COM BOLA, ACABAMENTO CROMADO, INCLUSIVE ACESSÓRIOS PARA FIXAÇÃO | E82: un | F82: 12 | G82: 22.48 | H82: =ROUND(ROUND(G82 * J11, 2) + G82, 2) -> 28.49 | I82: =ROUND(F82 * H82,2) -> 341.88 | J82: =I82 / J10 -> 0.0001817527
A83: 2.8.6 | B83: 3533 | C83: ORSE | D83: Trilho para fixação (parte superior) de porta de correr em perfil "u", inclusive roldanas | E83: m | F83: 6.6 | G83: 109.04 | H83: =ROUND(ROUND(G83 * J11, 2) + G83, 2) -> 138.2 | I83: =ROUND(F83 * H83,2) -> 912.12 | J83: =I83 / J10 -> 0.00048490778
A84: 2.8.7 | B84: C1426 | C84: SEINFRA | D84: GRADE DE FERRO DE PROTEÇÃO | E84: m² | F84: 44.34 | G84: 239.78 | H84: =ROUND(ROUND(G84 * J11, 2) + G84, 2) -> 303.9 | I84: =ROUND(F84 * H84,2) -> 13474.93 | J84: =I84 / J10 -> 0.007163639
A85: 2.8.8 | B85: 97029 | C85: SINAPI | D85: GUARDA-CORPO EM LAJE PÓS-DESFÔRMA COM MONTANTE METÁLICO FIXADO COM BARRAS DE AÇO ENGASTADAS NA LAJE, CABOS DE AÇO. AF_03/2024 | E85: M | F85: 4.8 | G85: 231.07 | H85: =ROUND(ROUND(G85 * J11, 2) + G85, 2) -> 292.86 | I85: =ROUND(F85 * H85,2) -> 1405.73 | J85: =I85 / J10 -> 0.00074732427
A86: 2.9 | D86: PINTURAS E ACABAMENTOS | F86: 1 | H86: =I87 + I88 + I89 + I90 + I91 + I92 + I93 + I94 + I95 + I96 -> 110066.37 | I86: =ROUND(F86 * H86,2) -> 110066.37 | J86: =I86 / J10 -> 0.058514274
A87: 2.9.1 | B87: 100739 | C87: SINAPI | D87: PINTURA COM TINTA ALQUÍDICA DE ACABAMENTO (ESMALTE SINTÉTICO ACETINADO) PULVERIZADA SOBRE PERFIL METÁLICO EXECUTADO EM FÁBRICA (POR DEMÃO). AF_01/2020_PE | E87: m² | F87: 615.88 | G87: 13.61 | H87: =ROUND(ROUND(G87 * J11, 2) + G87, 2) -> 17.25 | I87: =ROUND(F87 * H87,2) -> 10623.93 | J87: =I87 / J10 -> 0.0056479699
A88: 2.9.2 | B88: 100739 | C88: SINAPI | D88: PINTURA COM TINTA ALQUÍDICA DE ACABAMENTO (ESMALTE SINTÉTICO ACETINADO) PULVERIZADA SOBRE PERFIL METÁLICO EXECUTADO EM FÁBRICA (POR DEMÃO). AF_01/2020_PE | E88: m² | F88: 508.05 | G88: 13.61 | H88: =ROUND(ROUND(G88 * J11, 2) + G88, 2) -> 17.25 | I88: =ROUND(F88 * H88,2) -> 8763.86 | J88: =I88 / J10 -> 0.0046591062
A89: 2.9.3 | B89: 100739 | C89: SINAPI | D89: PINTURA COM TINTA ALQUÍDICA DE ACABAMENTO (ESMALTE SINTÉTICO ACETINADO) PULVERIZADA SOBRE PERFIL METÁLICO EXECUTADO EM FÁBRICA (POR DEMÃO). AF_01/2020_PE | E89: m² | F89: 169.35 | G89: 13.61 | H89: =ROUND(ROUND(G89 * J11, 2) + G89, 2) -> 17.25 | I89: =ROUND(F89 * H89,2) -> 2921.29 | J89: =I89 / J10 -> 0.0015530372
A90: 2.9.4 | B90: 100739 | C90: SINAPI | D90: PINTURA COM TINTA ALQUÍDICA DE ACABAMENTO (ESMALTE SINTÉTICO ACETINADO) PULVERIZADA SOBRE PERFIL METÁLICO EXECUTADO EM FÁBRICA (POR DEMÃO). AF_01/2020_PE | E90: m² | F90: 17.87 | G90: 13.61 | H90: =ROUND(ROUND(G90 * J11, 2) + G90, 2) -> 17.25 | I90: =ROUND(F90 * H90,2) -> 308.26 | J90: =I90 / J10 -> 0.00016387939
A91: 2.9.5 | B91: 100739 | C91: SINAPI | D91: PINTURA COM TINTA ALQUÍDICA DE ACABAMENTO (ESMALTE SINTÉTICO ACETINADO) PULVERIZADA SOBRE PERFIL METÁLICO EXECUTADO EM FÁBRICA (POR DEMÃO). AF_01/2020_PE | E91: m² | F91: 14.99 | G91: 13.61 | H91: =ROUND(ROUND(G91 * J11, 2) + G91, 2) -> 17.25 | I91: =ROUND(F91 * H91,2) -> 258.58 | J91: =I91 / J10 -> 0.00013746816
A92: 2.9.6 | B92: 100741 | C92: SINAPI | D92: PINTURA COM TINTA ALQUÍDICA DE ACABAMENTO (ESMALTE SINTÉTICO ACETINADO) PULVERIZADA SOBRE SUPERFÍCIES METÁLICAS (EXCETO PERFIL) EXECUTADO EM OBRA (POR DEMÃO). AF_01/2020_PE | E92: m² | F92: 181.78 | G92: 29.81 | H92: =ROUND(ROUND(G92 * J11, 2) + G92, 2) -> 37.78 | I92: =ROUND(F92 * H92,2) -> 6867.65 | J92: =I92 / J10 -> 0.0036510294
A93: 2.9.7 | B93: 100741 | C93: SINAPI | D93: PINTURA COM TINTA ALQUÍDICA DE ACABAMENTO (ESMALTE SINTÉTICO ACETINADO) PULVERIZADA SOBRE SUPERFÍCIES METÁLICAS (EXCETO PERFIL) EXECUTADO EM OBRA (POR DEMÃO). AF_01/2020_PE | E93: m² | F93: 69.86 | G93: 29.81 | H93: =ROUND(ROUND(G93 * J11, 2) + G93, 2) -> 37.78 | I93: =ROUND(F93 * H93,2) -> 2639.31 | J93: =I93 / J10 -> 0.0014031289
A94: 2.9.8 | B94: ED-9934 | C94: SETOP | D94: PINTURA EPÓXI EM PISO, DUAS (2) DEMÃOS, INCLUSIVE UMA (1) DEMÃO DE PRIMER EPÓXI | E94: m² | F94: 889.6 | G94: 57.47 | H94: =ROUND(ROUND(G94 * J11, 2) + G94, 2) -> 72.84 | I94: =ROUND(F94 * H94,2) -> 64798.46 | J94: =I94 / J10 -> 0.034448622
A95: 2.9.9 | B95: ED-50496 | C95: SETOP | D95: PINTURA ESMALTE BASE SOLVENTE EM TUBO GALVANIZADO, DUAS (2) DEMÃOS, COM APLICAÇÃO MANUAL, INCLUSIVE UMA (1) DEMÃO DE FUNDO ANTICORROSIVO | E95: m | F95: 468.91 | G95: 10.55 | H95: =ROUND(ROUND(G95 * J11, 2) + G95, 2) -> 13.37 | I95: =ROUND(F95 * H95,2) -> 6269.33 | J95: =I95 / J10 -> 0.0033329462
A96: 2.9.10 | B96: ED-19640 | C96: SETOP | D96: PINTURA ESMALTE BASE SOLVENTE EM GUARDA CORPO, COM OU SEM CORRIMÃO, DUAS (2) DEMÃOS, INCLUSIVE UMA (1) DEMÃO DE FUNDO ANTICORROSIVO | E96: m² | F96: 134.22 | G96: 38.89 | H96: =ROUND(ROUND(G96 * J11, 2) + G96, 2) -> 49.29 | I96: =ROUND(F96 * H96,2) -> 6615.7 | J96: =I96 / J10 -> 0.0035170859
A97: 2.10 | D97: INSTALAÇÃO ELÉTRICA - 220V | F97: 1 | H97: =I98 + I101 + I104 + I112 + I114 -> 10639.99 | I97: =ROUND(F97 * H97,2) -> 10639.99 | J97: =I97 / J10 -> 0.0056565079
A98: 2.10.1 | D98: CENTRO DE DISTRIBUIÇÃO | F98: 1 | H98: =I99 + I100 -> 765.75 | I98: =ROUND(F98 * H98,2) -> 765.75 | J98: =I98 / J10 -> 0.00040709351
A99: 2.10.1.1 | B99: 101875 | C99: SINAPI | D99: QUADRO DE DISTRIBUIÇÃO DE ENERGIA EM CHAPA DE AÇO GALVANIZADO, DE EMBUTIR, COM BARRAMENTO TRIFÁSICO, PARA 12 DISJUNTORES DIN 100A - FORNECIMENTO E INSTALAÇÃO. AF_10/2020 | E99: UN | F99: 1 | G99: 441.6 | H99: =ROUND(ROUND(G99 * J11, 2) + G99, 2) -> 559.68 | I99: =ROUND(F99 * H99,2) -> 559.68 | J99: =I99 / J10 -> 0.0002975411
A100: 2.10.1.2 | B100: 101938 | C100: SINAPI | D100: CAIXA DE PROTEÇÃO PARA MEDIDOR MONOFÁSICO DE EMBUTIR - FORNECIMENTO E INSTALAÇÃO. AF_10/2020 | E100: UN | F100: 1 | G100: 162.59 | H100: =ROUND(ROUND(G100 * J11, 2) + G100, 2) -> 206.07 | I100: =ROUND(F100 * H100,2) -> 206.07 | J100: =I100 / J10 -> 0.00010955241
A101: 2.10.2 | D101: DISJUNTORES | F101: 1 | H101: =I102 + I103 -> 125.3 | I101: =ROUND(F101 * H101,2) -> 125.3 | J101: =I101 / J10 -> 6.6612885e-05
...

Sheet CONOGRAMA
A1: PREFEITURA MUNICIPAL DE BOA ESPERANÇA– MG SECRETARIA MUNICIPAL DE EDUCAÇÃO ENGENHARIA E PROJETOS
A2: CONOGRAMA FÍSICO-FINANCEIRO
A3: ÓRGÃO | B3: PREFEITURA MUNICIPAL DE BOA ESPERANÇA
A4: OBJETO | B4: CONSTRUÇÃO DE COBERTURA DE QUADRA ESPORTIVA, PALCO E VESTIÁRIOS NA ESCOLA MUNICIPAL ACHILLES NAVES | J4: VALOR DA OBRA: | L4: ='Orçamento Sintético'!J10 -> 1881017.5
A5: ENDEREÇO | B5: RUA PERNAMBUCO Nº 352, BAIRRO MARINGÁ, BOA ESPERANÇA-MG | J5: PRAZO DA OBRA: | L5: 8 MESES
A6: ITEM | B6: ETAPAS/DESCRIÇÃO | C6: FÍSICO/ FINANCEIRO | D6: TOTAL ETAPAS | E6: MÊS 1 | F6: MÊS 2 | G6: MÊS 3 | H6: MÊS 4 | I6: MÊS 5 | J6: MÊS 6 | K6: MÊS 7 | L6: MÊS 8 | M6: Total
A7: 01. | B7: ='Orçamento Sintético'!D13 -> SERVIÇOS PRELIMINARES | C7: Físico % | D7: =D8/$D$16 -> 0.0096921217 | E7: 0.3 | F7: 0.1 | G7: 0.1 | H7: 0.1 | I7: 0.1 | J7: 0.1 | K7: 0.1 | L7: 0.1 | M7: =SUM(E7:L7) -> 1
C8: Financeiro | D8: ='Orçamento Sintético'!I13 -> 18231.05 | E8: =$D$8*E7 -> 5469.315 | F8: =$D$8*F7 -> 1823.105 | G8: =$D$8*G7 -> 1823.105 | H8: =$D$8*H7 -> 1823.105 | I8: =$D$8*I7 -> 1823.105 | J8: =$D$8*J7 -> 1823.105 | K8: =$D$8*K7 -> 1823.105 | L8: =$D$8*L7 -> 1823.105 | M8: =SUM(E8:L8) -> 18231.05
A9: 02. | B9: ='Orçamento Sintético'!D22 -> QUADRA COBERTA | C9: Físico % | D9: =D10/$D$16 -> 0.55641094 | E9: 0.2 | F9: 0.2 | G9: 0.2 | H9: 0.15 | I9: 0.15 | J9: 0.1 | K9: 0 | L9: 0 | M9: =SUM(E9:L9) -> 1
C10: Financeiro | D10: ='Orçamento Sintético'!I22 -> 1046618.7 | E10: =$D$10*E9 -> 209323.74 | F10: =$D$10*F9 -> 209323.74 | G10: =$D$10*G9 -> 209323.74 | H10: =$D$10*H9 -> 156992.8 | I10: =$D$10*I9 -> 156992.8 | J10: =$D$10*J9 -> 104661.87 | K10: =$D$10*K9 -> 0 | L10: =$D$10*L9 -> 0 | M10: =SUM(E10:L10) -> 1046618.7
A11: 03. | B11: ='Orçamento Sintético'!D128 -> PALCO, VESTIÁRIOS E CANTINA | C11: Físico % | D11: =D12/$D$16 -> 0.43097363 | G11: 0.1 | H11: 0.15 | I11: 0.15 | J11: 0.2 | K11: 0.2 | L11: 0.2 | M11: =SUM(E11:L11) -> 1
C12: Financeiro | D12: ='Orçamento Sintético'!I128 -> 810668.92 | E12: =$D$12*E11 -> 0 | F12: =$D$12*F11 -> 0 | G12: =$D$12*G11 -> 81066.892 | H12: =$D$12*H11 -> 121600.34 | I12: =$D$12*I11 -> 121600.34 | J12: =$D$12*J11 -> 162133.78 | K12: =$D$12*K11 -> 162133.78 | L12: =$D$12*L11 -> 162133.78 | M12: =SUM(E12:L12) -> 810668.92
A13: 04. | B13: ='Orçamento Sintético'!D358 -> SERVIÇOS FINAIS | C13: Físico % | D13: =D14/$D$16 -> 0.0029233062 | L13: 1 | M13: =SUM(E13:L13) -> 1
C14: Financeiro | D14: ='Orçamento Sintético'!I358 -> 5498.79 | E14: =$D$14*E13 -> 0 | F14: =$D$14*F13 -> 0 | G14: =$D$14*G13 -> 0 | H14: =$D$14*H13 -> 0 | I14: =$D$14*I13 -> 0 | J14: =$D$14*J13 -> 0 | K14: =$D$14*K13 -> 0 | L14: =$D$14*L13 -> 5498.79 | M14: =SUM(E14:L14) -> 5498.79
A15: TOTAL | C15: Físico % | D15: =D13+D11+D9+D7 -> 1 | E15: =E16/$D$16 -> 0.11418982 | F15: =F16/$D$16 -> 0.1122514 | G15: =G16/$D$16 -> 0.15534876 | H15: =H16/$D$16 -> 0.1490769 | I15: =I16/$D$16 -> 0.1490769 | J15: =J16/$D$16 -> 0.14280503 | K15: =K16/$D$16 -> 0.087163938 | L15: =L16/$D$16 -> 0.090087245 | M15: =SUM(E15:L15) -> 1
C16: Financeiro | D16: =D8+D10+D12+D14 -> 1881017.5 | E16: =E8+E10+E12+E14 -> 214793.05 | F16: =F8+F10+F12+F14 -> 211146.84 | G16: =G8+G10+G12+G14 -> 292213.74 | H16: =H8+H10+H12+H14 -> 280416.25 | I16: =I8+I10+I12+I14 -> 280416.25 | J16: =J8+J10+J12+J14 -> 268618.76 | K16: =K8+K10+K12+K14 -> 163956.89 | L16: =L8+L10+L12+L14 -> 169455.68 | M16: =SUM(E16:L16) -> 1881017.5
A17: ACUMULADO | C17: Físico % | D17: =D13+D11+D9+D7 -> 1 | E17: =E18/$D$18 -> 0.11418982 | F17: =F18/$D$18 -> 0.22644123 | G17: =G18/$D$18 -> 0.38178999 | H17: =H18/$D$18 -> 0.53086689 | I17: =I18/$D$18 -> 0.67994378 | J17: =J18/$D$18 -> 0.82274882 | K17: =K18/$D$18 -> 0.90991276 | L17: =L18/$D$18 -> 1 | M17: =M16/D18 -> 1
C18: Financeiro | D18: =D8+D10+D12+D14 -> 1881017.5 | E18: =E16 -> 214793.05 | F18: =F16+E18 -> 425939.9 | G18: =G16+F18 -> 718153.63 | H18: =H16+G18 -> 998569.88 | I18: =I16+H18 -> 1278986.1 | J18: =J16+I18 -> 1547604.9 | K18: =K16+J18 -> 1711561.8 | L18: =L16+K18 -> 1881017.5 | M18: =M14+M12+M10+M8 -> 1881017.4
E20: BOA ESPERANÇA, MG
E21: Local | K21: =TODAY() -> 46121
K22: Data
E26: Prefeito Municipal
E28: AROLDO ROSA DE MEDEIROS JÚNIOR
E34: Responsável Técnico
E35: JÉSSICA CAROLINE OLIVEIRA FERREIRA
E36: ENGENHEIRA CIVIL - CREA: 303607/D
